 Dungeon Crawl Stone Soup version 0.29.1-12-g30fa7ad0bf (webtiles) character file.

Game seed: 11584469185564583211

9895 GeoRichter the Carver (level 11, -1/77 (91) HPs)
             Began as a Merfolk Fighter on Dec 24, 2022.
             Was a Follower of the Shining One.
             Killed from afar by Josephine (29 damage)
             ... with a ghostly fireball
             ... on level 10 of the Dungeon.
             The game lasted 00:19:00 (11223 turns).

GeoRichter the Carver (Merfolk Fighter)            Turns: 11223, Time: 00:19:01

HP:   -1/77 (91)    AC: 12    Str: 17    XL:     11   Next: 53%
MP:   12/13         EV: 17    Int: 15    God:    the Shining One [*.....]
Gold: 515           SH:  6    Dex: 20    Spells: 10/10 levels left

rFire   . . .      SeeInvis +   a - +0 long sword (vorpal)
rCold   . . .      Faith    .   c - +0 buckler
rNeg    . . .      Spirit   .   j - +1 ring mail of the Living God {Will+ Dex+2}
rPois   .          Reflect  .   o - +2 hat
rElec   .          Harm     .   S - +2 cloak of the Foremost Beggars {Will+ Int+8 SInv}
rCorr   +          Rampage  .   m - +0 pair of gloves
Will    ++...                   (no boots)
Stlth   +.........              (no amulet)
HPRegen 0.22/turn               g - ring of resist corrosion
MPRegen 0.13/turn               H - ring of see invisible

@: glowing, heavily drained
A: (nimble swimmer 2), mertail
a: Renounce Religion, Divine Shield


You were on level 10 of the Dungeon.
You worshipped the Shining One.
The Shining One was aware of your devotion.
You visited 2 branches of the dungeon, and saw 11 of its levels.
You also visited: Sewer and Ossuary.

You collected 544 gold pieces.
You donated 29 gold pieces to Zin.

Inventory:

Hand Weapons
 a - a +0 vorpal long sword (weapon)
Missiles
 h - 4 curare-tipped darts {!f}
 i - 15 poisoned darts
 Q - a throwing net {!f}
Armour
 c - a +0 buckler (worn)
 j - the +1 ring mail of the Living God (worn) {Will+ Dex+2}
   (You found it on level 2 of the Dungeon)

   Dex:       It affects your dexterity (+2).
   Will:      It increases your willpower.
 m - a +0 pair of gloves (worn)
   (You found it on level 2 of the Dungeon)
 o - a +2 hat (worn)
   (You found it on level 3 of the Dungeon)
 A - an orb of guile
   (You found it on level 4 of the Dungeon)
 S - the +2 cloak of the Foremost Beggars (worn) {Will+ Int+8 SInv}
   (You found it on level 7 of the Dungeon)

   Int:       It affects your intelligence (+8).
   SInv:      It lets you see invisible.
   Will:      It increases your willpower.
Jewellery
 g - a ring of resist corrosion (left hand)
   (You found it on level 2 of the Dungeon)
 H - a ring of see invisible (right hand)
   (You found it on level 5 of the Dungeon)
 J - a ring of wizardry
   (You found it in an ossuary)
 L - a ring of flight
   (You found it in an ossuary)
Wands
 D - a wand of quicksilver (4)
   (You took it off Robin on level 4 of the Dungeon)
 N - a wand of roots (2)
   (You found it on level 6 of the Dungeon)
 O - a wand of flame (48) (quivered)
   (You found it on level 6 of the Dungeon)
Scrolls
 b - 3 scrolls of noise {unknown}
 e - 4 scrolls of fear
 k - 2 scrolls of summoning {unknown}
 n - 2 scrolls of enchant armour {unknown}
 p - 3 scrolls of enchant weapon
 s - 3 scrolls of vulnerability {unknown}
 v - a scroll of butterflies {unknown}
 y - 2 scrolls of silence {unknown}
 z - a scroll of blinking {unknown}
 B - a scroll of amnesia {unknown}
 E - 2 scrolls of brand weapon
 K - 2 scrolls of magic mapping {unknown}
 M - 9 scrolls of teleportation {@r4}
 R - a scroll of immolation {unknown}
Potions
 d - 5 potions of might
 f - 5 potions of haste {@q3}
 l - 2 potions of attraction {!q}
 q - 4 potions of cancellation
 r - 3 potions of magic
 t - 4 potions of brilliance
 u - 4 potions of resistance
 w - 4 potions of mutation {!q}
 x - a potion of flight {unknown}
 C - 4 potions of curing {@q1}
 G - 2 potions of lignification {unknown}
 I - 4 potions of heal wounds {@q2}
 P - a potion of berserk rage {unknown}
Miscellaneous
 F - a lightning rod (1/4) {!a}
   (You found it on level 9 of the Dungeon)


   Skills:
 + Level 10.2 Fighting
 - Level 14.0 Long Blades
 - Level 2.1 Armour
 + Level 10.2 Dodging
 + Level 3.0 Stealth
 + Level 4.1 Shields
 + Level 2.6 Invocations
 + Level 4.2 Evocations


You had 10 spell levels left.
You didn't know any spells.
Your spell library contained the following spells:

 Spells                   Type           Power      Damage    Failure   Level
 Freeze                   Ice            0%         1d3       54%         1
 Poisonous Vapours        Pois/Air       0%         N/A       67%         2
 Frozen Ramparts          Ice            0%         1d1       88%         3
 Portal Projectile        Hex/Tloc       0%         N/A       88%         3
 Stone Arrow              Conj/Erth      0%         3d7       88%         3
 Tukima's Dance           Hex            0%         N/A       88%         3
 Animate Armour           Summ/Erth      0%         N/A       99%         4
 Corpse Rot               Necr/Pois/Air  0%         N/A       99%         4
 Hailstorm                Conj/Ice       0%         3d3       99%         4
 Blade Hands              Tmut           0%         N/A       100%        5
 Borgnjor's Vile Clutch   Necr/Erth      0%         N/A       100%        5
 Statue Form              Tmut/Erth      0%         N/A       100%        6


Dungeon Overview and Level Annotations

Branches:
Dungeon (10/15) Zot: 26906  Temple (1/1) D:6 Zot: 5767   Sewer (visited)
Ossuary (visited)
   Lair: D:8-11         Orc: D:9-12

Altars:
Ashenzari
Cheibriados
Dithmenos
Elyvilon
Fedhas
Gozag
Hepliaklqana
Kikubaaqudgha
Makhleb
Nemelex Xobeh
Okawaru
Qazlal
Ru
Sif Muna
Trog
Uskayaw
Vehumet
Wu Jian
Xom
Yredelemnul
Zin
The Shining One

Shops:
D:4 ::

Annotations:
D:10 Josephine


Innate Abilities, Weirdness & Mutations

((You are very nimble when in or above water. (Stealth+, EV+, Speed+++)))
Your lower body shifts to a powerful aquatic tail in water.


Message History

The ghostly flame explodes!
The ghostly fireball engulfs the wraith.
The wraith completely resists.
The ghostly fireball engulfs Josephine.
Josephine completely resists.
The ghostly fireball engulfs the wraith.
The wraith completely resists.
The ghostly fireball engulfs you!!
You feel drained.
You hit the wraith. You slash the wraith! The wraith hits you.
You hit the wraith but do no damage. The wraith hits you but does no damage.
The wraith attacks as you move away! The wraith closely misses you.
You barely miss the wraith. The wraith barely misses you.
You hit the wraith. You completely miss the wraith.
The wraith hits you but does no damage.
You slash the wraith!
You destroy the wraith!
The Shining One accepts your kill.
Josephine points at you and mumbles some strange words.
The ghostly flame explodes!
The ghostly fireball engulfs the wraith.
The wraith completely resists.
The ghostly fireball engulfs Josephine.
Josephine completely resists.
The ghostly fireball engulfs you!
You feel drained.
You hit the wraith but do no damage. The wraith misses you.
You hit the wraith but do no damage. The wraith misses you.
You hit the wraith but do no damage. You hit the wraith. The wraith hits you.
You hit the wraith. The wraith closely misses you.
Josephine gestures at you while chanting.
The ghostly flame explodes!
The ghostly fireball engulfs the wraith.
The wraith completely resists.
The ghostly fireball engulfs you!!
You feel drained.
* * * LOW HITPOINT WARNING * * *
The ghostly fireball engulfs Josephine.
Josephine completely resists.
You barely miss the wraith. You slash the wraith!
The wraith completely misses you.
You slash the wraith!
You destroy the wraith!
The Shining One accepts your kill.
Your Stealth skill increases to level 3!
You hit Josephine but do no damage.
Josephine hits you with a +2 dagger of draining.
* * * LOW HITPOINT WARNING * * *
You feel drained.
You hit Josephine but do no damage. Josephine casts a spell at you.
The ghostly flame explodes!
The ghostly fireball engulfs you!!
You feel drained.
You die...

#####≈≈≈.....#
#≈≈≈≈≈≈..+####
≈≈≈≈≈.....#
......##.#### #
###........### ..
###.............#
..<
##...#........##.#
....
#..###........#
..... #@##
#........#
...$..##@#
#.<......#
.....@...#
#........#
......####
########## .....
####


You could see Josephine.

Vanquished Creatures
  Erolcha (D:9)
  2 two-headed ogres
  A hydra (D:6)
  Joseph (D:9)
  Psyche (D:9)
  Grinder (D:3)
  A troll (D:9)
  Prince Ribbit (D:5)
  11 yaks (D:9)
  A wyvern (D:8)
  3 wraiths (D:10)
  A steam dragon (D:6)
  2 water moccasins
  Duvessa (D:7)
  4 sky beasts
  2 ice beasts (D:6)
  2 ogres
  4 centaurs
  2 kobold brigands
  2 phantoms
  3 bullfrogs
  4 necrophages
  12 scorpions
  Dowan (D:7)
  An electric eel (D:7)
  4 centaur zombies (Ossuary)
  4 hounds
  A human zombie (Ossuary)
  A jelly (D:6)
  2 gnoll boudas (D:7)
  An orc priest (D:7)
  Crazy Yiuf (D:4)
  6 iguanas
  3 scorpion zombies (Ossuary)
  Natasha (thrice) (D:4)
  3 mummies (Ossuary)
  Robin (D:4)
  16 gnolls
  9 adders
  A river rat (D:3)
  5 worms
  3 dart slugs
  14 orcs
  8 bats
  9 endoplasms
  4 giant cockroaches
  9 gnoll zombies (Ossuary)
  22 goblins
  8 hobgoblins
  4 jackals (D:3)
  5 quokkas
  10 ball pythons
  6 frilled lizards
  3 goblin zombies (Ossuary)
  A hobgoblin zombie (Ossuary)
  22 kobolds
  2 kobold zombies (Ossuary)
  3 orc zombies (Ossuary)
  6 rats
  A butterfly (D:4)
266 creatures vanquished.

Vanquished Creatures (others)
  A fungus (Sewer)
  4 plants
5 creatures vanquished.

Grand Total: 271 creatures vanquished

Notes
Turn   | Place    | Note
-------+----------+-------------------------------------------
     0 | D:1      | GeoRichter the Merfolk Fighter began the quest for the Orb.
     0 | D:1      | Reached XP level 1. HP: 18/18 MP: 1/1
   209 | D:1      | Reached skill level 3 in Long Blades
   209 | D:1      | Reached XP level 2. HP: 11/24 MP: 2/2
   553 | D:1      | Found a faded altar of an unknown god.
   674 | D:1      | You fall into a shaft and drop 1 floor!
   705 | D:2      | Reached XP level 3. HP: 27/30 MP: 3/3
  1199 | D:2      | Identified the +1 ring mail of the Living God {Will+ Dex+2}
  1319 | D:2      | Reached skill level 4 in Long Blades
  1691 | D:2      | Reached XP level 4. HP: 37/37 MP: 4/4
  1872 | D:2      | Found a hazy altar of Hepliaklqana.
  2010 | D:3      | Noticed Grinder
  2038 | D:3      | Found a glowing drain.
  2049 | D:3      | Killed Grinder
  2050 | D:3      | Reached skill level 5 in Fighting
  2050 | D:3      | Reached skill level 6 in Long Blades
  2050 | D:3      | Reached XP level 5. HP: 16/44 MP: 5/5
  2050 | D:3      | Reached XP level 6. HP: 19/51 MP: 6/6
  2205 | Sewer    | Entered a sewer
  2493 | Sewer    | Reached skill level 7 in Long Blades
  2493 | Sewer    | Reached skill level 1 in Dodging
  3070 | D:3      | Reached XP level 7. HP: 55/56 MP: 7/7
  3419 | D:4      | Found Huadgh's Book Boutique.
  3650 | D:4      | Found Qaerewn's Book Shop.
  3656 | D:4      | Noticed Natasha
  3663 | D:4      | Killed Natasha
  3732 | D:4      | Identified the +0 helmet "Jadeuw" {rElec rPois Slay-4}
  3732 | D:4      | Noticed Robin
  3741 | D:4      | Killed Robin
  4079 | D:4      | Reached skill level 8 in Long Blades
  4176 | D:4      | Found a runed translucent door.
  4177 | D:4      | Noticed Crazy Yiuf
  4251 | D:4      | Noticed Natasha
  4258 | D:4      | Killed Natasha
  4403 | D:4      | Noticed Natasha
  4411 | D:4      | Killed Natasha
  4417 | D:4      | Killed Crazy Yiuf
  4418 | D:4      | Reached XP level 8. HP: 16/64 MP: 8/8
  4697 | D:5      | Entered Level 5 of the Dungeon
  4797 | D:5      | Found a shimmering blue altar of Sif Muna.
  4851 | D:5      | Found a sand-covered staircase.
  4856 | Ossuary  | Entered an ossuary
  4886 | Ossuary  | Reached skill level 9 in Long Blades
  5319 | Ossuary  | Reached skill level 5 in Dodging
  5513 | Ossuary  | Reached skill level 10 in Long Blades
  5526 | Ossuary  | Reached XP level 9. HP: 72/72 MP: 9/9
  5656 | D:5      | Found a bloodstained altar of Trog.
  6110 | D:5      | Noticed Prince Ribbit
  6128 | D:5      | Killed Prince Ribbit
  6323 | D:5      | Reached skill level 11 in Long Blades
  6538 | D:5      | Found an iron altar of Okawaru.
  6563 | D:5      | Found an ancient bone altar of Kikubaaqudgha.
  6777 | D:6      | Found a radiant altar of Vehumet.
  6984 | D:6      | Found a staircase to the Ecumenical Temple.
  7145 | D:6      | Noticed an eight-headed hydra
  7174 | D:6      | Killed an eight-headed hydra
  7175 | D:6      | Reached skill level 12 in Long Blades
  7175 | D:6      | Reached XP level 10. HP: 82/82 MP: 10/10
  7567 | D:7      | Noticed Duvessa
  7567 | D:7      | Noticed Dowan
  7578 | D:7      | Killed Duvessa
  7593 | D:7      | Killed Dowan
  8133 | D:7      | Found a hide-covered altar of Uskayaw.
  8134 | D:7      | Found a glowing silver altar of Zin.
  8186 | D:7      | Became a worshipper of Zin the Law-Giver
  8186 | D:7      | Reached * piety under Zin
  8235 | D:7      | Reached skill level 1 in Evocations
  8273 | Temple   | Entered the Ecumenical Temple
  8540 | Temple   | Fell from the grace of Zin
  8540 | Temple   | Became a worshipper of the Shining One
  8626 | D:7      | Reached skill level 13 in Long Blades
  9113 | D:7      | Identified the +2 cloak of the Foremost Beggars {Will+
                  | Int+8 SInv}
  9278 | D:8      | Found a shadowy altar of Dithmenos.
  9318 | D:8      | Noticed a two-headed ogre
  9339 | D:8      | Killed a two-headed ogre
  9556 | D:8      | Reached * piety under the Shining One
  9614 | D:8      | Got the Tractate on the Lithosphere
  9651 | D:8      | Found a shimmering altar of Xom.
 10005 | D:9      | Reached XP level 11. HP: 71/90 MP: 11/11
 10023 | D:9      | Reached skill level 14 in Long Blades
 10157 | D:9      | Reached skill level 1 in Stealth
 10163 | D:9      | Reached skill level 1 in Invocations
 10484 | D:9      | Noticed Psyche
 10492 | D:9      | Killed Psyche
 10551 | D:9      | Noticed Erolcha
 10563 | D:9      | Killed Erolcha
 10564 | D:9      | Reached skill level 10 in Fighting
 10564 | D:9      | Reached skill level 10 in Dodging
 10748 | D:9      | Noticed a two-headed ogre
 10753 | D:9      | Killed a two-headed ogre
 10896 | D:9      | Noticed Joseph
 10908 | D:9      | Killed Joseph
 11123 | D:10     | Entered Level 10 of the Dungeon
 11140 | D:10     | Found an ornate altar of the Wu Jian Council.
 11199 | D:10     | Noticed Josephine
 11223 | D:10     | Killed from afar by Josephine

Illustrated notes

Levels and vault maps discovered:
D:1:      psy_arrival_fountain, layout_loops_ring,
          shapermc_ecumenical_altar_starsandcircs
D:2:      layout_loops_ring, basic_altar, nicolae_wormholes
D:3:      layout_loops_ring, portal_sewer_entry_a, uniq_grinder
D:4:      layout_loops_ring, serial_shops, shop_statue, amethyst_killhole,
          hangedman_glass_garden, nrook_mini_backslash, nicolae_stop_n_shop_1,
          uniq_crazy_yiuf_cottage, uniq_robin, uniq_natasha
D:5:      layout_rooms, mainiacjoe_overflow_24_doors,
          mainiacjoe_overflow_two_lobes, lemuel_tele_altar, enter_ossuary_5,
          minmay_diced_spiral, uniq_prince_ribbit1
D:6:      layout_cave_pools, nicolae_vehumet_radiance,
          minmay_temple_entry_from_below_a, amcnicky_mini_rare_corridor_liquid,
          minmay_divided_ellipse
D:7:      layout_cave_pools, minitemple, nicolae_lava_and_water,
          kennysheep_donut, uniq_duvessa
D:8:      layout_rooms, nicolae_dithmenos_through_a_glass_darkly,
          mainiacjoe_overflow_alcove_4
D:9:      layout_long_grid, serial_glass, glass_columns_a, glass_columns_b,
          glass_columns_a, glass_columns_b, glass_columns_a, glass_columns_b,
          uniq_erolcha, uniq_joseph, uniq_psyche
D:10:     layout_roguey, pdpol_wu_jian_five_deadly_venoms, grunt_decor_junction,
          minmay_misc_feat_roman, billiards_dpeg, uniq_josephine
Temple:   hc_temple_tempest_star

Skill      XL: |  1  2  3  4  5  6  7  8  9 10 11 |
---------------+----------------------------------+-----
Long Blades    | 3 4 6 7 8 10 12 13 14 | 14.0
Fighting       | 4 5 6 7 8 9 10 | 10.2
Dodging        | 1 3 5 8 9 10 | 10.2
Evocations     | 3 4 |  4.2
Stealth        | 3 |  3.0
Invocations    | 2 |  2.6
Shields        | 4 |  4.1
Armour         | |  2.1

Action                   |  1- 3 |  4- 6 |  7- 9 | 10-12 || total
-------------------------+-------+-------+-------+-------++-------
Melee: Long sword        |   104 |   171 |   491 |   280 ||  1046
       Tailslap          |       |     5 |       |       ||     5
Throw: Dart              |       |       |     7 |     1 ||     8
Evoke: Wand              |       |       |     7 |    13 ||    20
       Lightning rod     |       |       |       |     3 ||     3
  Use: Potion            |       |     4 |       |     2 ||     6
       Scroll            |       |     3 |     4 |     7 ||    14
Armor: Scale mail        |    23 |       |       |       ||    23
       Ring mail         |    14 |    78 |   133 |    58 ||   283
Dodge: Dodged            |    32 |   109 |   230 |   185 ||   556
Block: Buckler           |    32 |    45 |   115 |    71 ||   263
